TOP OF THE 1ST |
Williamsport Crosscutters batting - Pitching for Salem-Keizer Volcanoes : RHP Mitsuo Kuriyama
|
Pitching: RHP Mitsuo Kuriyama
|
|
Batting: RHB Eddie Serna
|
0-0: Ball 1-0: Ball 2-0: Foul Ball, location: 2F 2-1: Ball 3-1: SINGLE (Groundball, 56S, EV 67.5 MPH) (infield hit)
|
Batting: LHB Ryan Young
|
0-0: Called Strike 0-1: Foul Ball, location: 2F 0-2: Ball 1-2: Strikes out swinging
|
Batting: LHB Jean-Claude Vanbiesbrouck
|
0-0: Called Strike Eddie Serna is caught stealing 2nd base 2-6 0-1: Ground out 4-3 (Groundball, 4, EV 83.8 MPH)
|
Top of the 1st over - 0 runs, 1 hit, 0 errors, 0 left on base; Williamsport 0 - Salem-Keizer 0 |
BOTTOM OF THE 1ST |
Salem-Keizer Volcanoes batting - Pitching for Williamsport Crosscutters : RHP Danny Dean
|
Pitching: RHP Danny Dean
|
|
Batting: LHB Joe Hoover
|
0-0: Ball 1-0: Ball 2-0: Called Strike 2-1: Foul Ball, location: 2F 2-2: Ball 3-2: Ground out 4-3 (Groundball, 4M, EV 106.2 MPH)
|
Batting: LHB Adrian Navarro
|
0-0: Ball 1-0: Swinging Strike 1-1: Ground out 6-3 (Groundball, 6, EV 89.4 MPH)
|
Batting: LHB Tom Reynolds
|
0-0: Fly out, F8 (Flyball, 8LD, EV 104.4 MPH)
|
Bottom of the 1st over - 0 runs, 0 hits, 0 errors, 0 left on base; Williamsport 0 - Salem-Keizer 0 |
TOP OF THE 2ND |
Williamsport Crosscutters batting - Pitching for Salem-Keizer Volcanoes : RHP Mitsuo Kuriyama
|
Batting: LHB Jason Duda
|
0-0: Called Strike 0-1: Swinging Strike 0-2: Ball 1-2: Foul Ball, location: 2F 1-2: SINGLE (Groundball, 34D, EV 101.9 MPH)
|
Batting: LHB Dennis French
|
0-0: Ball 1-0: Ball 2-0: Called Strike 2-1: Foul Ball, location: 2F 2-2: Fly out, F8 (Flyball, 8RXD, EV 91.2 MPH)
|
Batting: RHB Frank Ramirez
|
0-0: Fly out, F8 (Flyball, 8RD, EV 95.0 MPH)
|
Batting: LHB Bryant Dill
|
0-0: Ball 1-0: Ball 2-0: Ball 3-0: Called Strike 3-1: Foul Ball, location: 2F 3-2: 2-RUN HOME RUN (Flyball, 9D, EV 98.1 MPH), Distance : 377 ft
|
Batting: RHB Steve Kirby
|
0-0: Ground out 5-3 (Groundball, 56S, EV 86.9 MPH)
|
Top of the 2nd over - 2 runs, 2 hits, 0 errors, 0 left on base; Williamsport 2 - Salem-Keizer 0 |
BOTTOM OF THE 2ND |
Salem-Keizer Volcanoes batting - Pitching for Williamsport Crosscutters : RHP Danny Dean
|
Batting: LHB Ben Radach
|
0-0: Ball 1-0: Foul Ball, location: 2F 1-1: Ball 2-1: Ball 3-1: Base on Balls
|
Batting: LHB Mike Sammons
|
0-0: Ball 1-0: Ball 2-0: Ball 3-0: Called Strike 3-1: Base on Balls Ben Radach to second
|
Batting: LHB Chris Raymond
|
0-0: Ball 1-0: Ball 2-0: SINGLE (Line Drive, 89M, EV 90.0 MPH) Ben Radach to third Mike Sammons to second
|
Batting: RHB Matt Fabre
|
0-0: Ball 1-0: Swinging Strike 1-1: Swinging Strike 1-2: Ball 2-2: Foul Ball, location: 2F 2-2: Fielders Choice at 2nd, 5-4 (Groundball, 56, EV 91.2 MPH) Ben Radach scores Mike Sammons to third
|
Batting: SHB Curtis Thompson
|
0-0: Ball 1-0: Ball 2-0: Ball 3-0: Called Strike 3-1: Fly out, F6 (Popup, 6M, EV 49.4 MPH)
|
Batting: RHB Mario Mendoza
|
0-0: Ball 1-0: Foul Ball, location: 2F 1-1: DOUBLE (Flyball, 8LD, EV 98.1 MPH) Mike Sammons scores Matt Fabre to third Runner from 3rd tries for Home, SAFE, throw by CF to home
|
Batting: LHB Joe Hoover
|
0-0: Called Strike 0-1: Foul Ball, location: 2F 0-2: Ball 1-2: Ball 2-2: Ball 3-2: Strikes out swinging
|
Bottom of the 2nd over - 3 runs, 2 hits, 0 errors, 1 left on base; Williamsport 2 - Salem-Keizer 3 |
TOP OF THE 3RD |
Williamsport Crosscutters batting - Pitching for Salem-Keizer Volcanoes : RHP Mitsuo Kuriyama
|
Now at SS: Jim Begger
|
|
Batting: RHB Rafael Soto
|
0-0: Ball 1-0: Swinging Strike 1-1: DOUBLE (Flyball, 89D, EV 100.6 MPH)
|
Batting: RHB Eddie Serna
|
0-0: Ball 1-0: Swinging Strike 1-1: Called Strike 1-2: Strikes out swinging
|
Batting: LHB Ryan Young
|
0-0: Ball 1-0: Called Strike 1-1: Foul Ball, location: 2F 1-2: Strikes out swinging
|
Batting: LHB Jean-Claude Vanbiesbrouck
|
0-0: Ball 1-0: Ball 2-0: Called Strike 2-1: Swinging Strike 2-2: Foul Ball, location: 2F 2-2: Foul Ball, location: 2F 2-2: Strikes out swinging
|
Top of the 3rd over - 0 runs, 1 hit, 0 errors, 1 left on base; Williamsport 2 - Salem-Keizer 3 |
BOTTOM OF THE 3RD |
Salem-Keizer Volcanoes batting - Pitching for Williamsport Crosscutters : RHP Danny Dean
|
Batting: LHB Adrian Navarro
|
0-0: Called Strike 0-1: Swinging Strike 0-2: Ball 1-2: Ball 2-2: Ball 3-2: Fly out, F9 (Flyball, 89M, EV 75.0 MPH)
|
Batting: LHB Tom Reynolds
|
0-0: Called Strike 0-1: Called Strike 0-2: Ball 1-2: Ball 2-2: Strikes out swinging
|
Batting: LHB Ben Radach
|
0-0: Ball 1-0: SINGLE (Line Drive, 34D, EV 96.2 MPH)
|
Batting: LHB Mike Sammons
|
0-0: Ball 1-0: Called Strike 1-1: Ball 2-1: Ball 3-1: Foul Ball, location: 2F 3-2: Base on Balls Ben Radach to second
|
Batting: RHB Jim Begger
|
0-0: Called Strike 0-1: Ball 1-1: Fielders Choice at 2nd, 6-4 (Groundball, 6, EV 85.0 MPH)
|
Bottom of the 3rd over - 0 runs, 1 hit, 0 errors, 2 left on base; Williamsport 2 - Salem-Keizer 3 |
TOP OF THE 4TH |
Williamsport Crosscutters batting - Pitching for Salem-Keizer Volcanoes : RHP Mitsuo Kuriyama
|
Batting: LHB Jason Duda
|
0-0: Ball 1-0: Fly out, F9 (Flyball, 89D, EV 85.6 MPH)
|
Batting: LHB Dennis French
|
0-0: Called Strike 0-1: Swinging Strike 0-2: Foul Ball, location: 2F 0-2: Ball 1-2: Ground out 1-3 (Groundball, 34S, EV 68.8 MPH)
|
Batting: RHB Frank Ramirez
|
0-0: Ball 1-0: Ball 2-0: Ground out 6-3 (Groundball, 6, EV 79.4 MPH)
|
Top of the 4th over - 0 runs, 0 hits, 0 errors, 0 left on base; Williamsport 2 - Salem-Keizer 3 |
BOTTOM OF THE 4TH |
Salem-Keizer Volcanoes batting - Pitching for Williamsport Crosscutters : RHP Danny Dean
|
Batting: RHB Matt Fabre
|
0-0: Foul Ball, location: 2F 0-1: SOLO HOME RUN (Flyball, 7D, EV 103.8 MPH), Distance : 407 ft
|
Batting: SHB Curtis Thompson
|
0-0: Ball 1-0: Called Strike 1-1: Ball 2-1: Foul Ball, location: 2F 2-2: Strikes out looking
|
Batting: RHB Mario Mendoza
|
0-0: Called Strike 0-1: Foul Ball, location: 2F 0-2: Strikes out looking
|
Batting: LHB Joe Hoover
|
0-0: Foul Ball, location: 2F 0-1: Ball 1-1: Swinging Strike 1-2: Foul Ball, location: 2F 1-2: Ball 2-2: Foul Ball, location: 2F 2-2: Ball 3-2: Foul Ball, location: 2F 3-2: Base on Balls
|
Pitching: RHP Dave Gomez
|
|
Batting: LHB Adrian Navarro
|
0-0: Ball 1-0: Called Strike 1-1: Foul Ball, location: 2F 1-2: Ball 2-2: Foul Ball, location: 2F 2-2: Ball 3-2: Foul Ball, location: 2F 3-2: Strikes out swinging
|
Bottom of the 4th over - 1 run, 1 hit, 0 errors, 1 left on base; Williamsport 2 - Salem-Keizer 4 |
TOP OF THE 5TH |
Williamsport Crosscutters batting - Pitching for Salem-Keizer Volcanoes : RHP Mitsuo Kuriyama
|
Batting: LHB Bryant Dill
|
0-0: Ball 1-0: Ball 2-0: Called Strike 2-1: Foul Ball, location: 2F 2-2: Ball 3-2: Strikes out swinging
|
Batting: RHB Steve Kirby
|
0-0: Fly out, F9 (Flyball, 9, EV 92.5 MPH)
|
Batting: RHB Rafael Soto
|
0-0: Called Strike 0-1: Foul Ball, location: 2F 0-2: Strikes out swinging
|
Top of the 5th over - 0 runs, 0 hits, 0 errors, 0 left on base; Williamsport 2 - Salem-Keizer 4 |
BOTTOM OF THE 5TH |
Salem-Keizer Volcanoes batting - Pitching for Williamsport Crosscutters : RHP Dave Gomez
|
Batting: LHB Tom Reynolds
|
0-0: SOLO HOME RUN (Flyball, 9D, EV 95.0 MPH), Distance : 363 ft
|
Batting: LHB Ben Radach
|
0-0: Called Strike 0-1: Foul Ball, location: 2F 0-2: Ball 1-2: Ground out 4-3 (Groundball, 34D, EV 103.1 MPH)
|
Batting: LHB Mike Sammons
|
0-0: Called Strike 0-1: Ball 1-1: Foul Ball, location: 2F 1-2: Ball 2-2: Strikes out swinging
|
Batting: RHB Jim Begger
|
0-0: Foul Ball, location: 2F 0-1: Ball 1-1: Ground out 5-3 (Groundball, 56D, EV 103.8 MPH)
|
Bottom of the 5th over - 1 run, 1 hit, 0 errors, 0 left on base; Williamsport 2 - Salem-Keizer 5 |
TOP OF THE 6TH |
Williamsport Crosscutters batting - Pitching for Salem-Keizer Volcanoes : RHP Mitsuo Kuriyama
|
Batting: RHB Eddie Serna
|
0-0: Called Strike 0-1: Ball 1-1: Ball 2-1: Called Strike 2-2: Ball 3-2: Foul Ball, location: 2F 3-2: Base on Balls
|
Batting: LHB Ryan Young
|
0-0: Called Strike Eddie Serna steals 2nd base 0-1: Fly out, F7 (Flyball, 7LM, EV 96.9 MPH)
|
Batting: LHB Jean-Claude Vanbiesbrouck
|
0-0: Called Strike 0-1: Ball 1-1: Swinging Strike 1-2: Strikes out swinging
|
Batting: LHB Jason Duda
|
0-0: Called Strike 0-1: Fly out, F7 (Flyball, 7LD, EV 91.2 MPH)
|
Top of the 6th over - 0 runs, 0 hits, 0 errors, 1 left on base; Williamsport 2 - Salem-Keizer 5 |
BOTTOM OF THE 6TH |
Salem-Keizer Volcanoes batting - Pitching for Williamsport Crosscutters : RHP Dave Gomez
|
Batting: RHB Matt Fabre
|
0-0: Ball 1-0: Ball 2-0: Ball 3-0: Called Strike 3-1: Base on Balls
|
Batting: SHB Curtis Thompson
|
0-0: Ball 1-0: Called Strike 1-1: Reached on error, E4 (Groundball, 4S, EV 90.6 MPH) Matt Fabre to second
|
Batting: RHB Mario Mendoza
|
0-0: Ball 1-0: DOUBLE (Line Drive, 9LS, EV 108.8 MPH) Matt Fabre scores Curtis Thompson to third
|
Batting: LHB Joe Hoover
|
0-0: Foul Ball, location: 2F 0-1: Swinging Strike 0-2: Ball 1-2: Ball 2-2: Foul Ball, location: 2F 2-2: Ball Wild Pitch! Curtis Thompson scores Mario Mendoza to third 3-2: TRIPLE (Line Drive, 7D, EV 101.9 MPH) Mario Mendoza scores
|
Pitching: LHP Ray Paul
|
|
Batting: LHB Adrian Navarro
|
0-0: Called Strike 0-1: Ball 1-1: Called Strike 1-2: Strikes out looking
|
Batting: LHB Tom Reynolds
|
0-0: Ball 1-0: Called Strike 1-1: Ball 2-1: Ground out 4-3 (Groundball, 4S, EV 82.5 MPH) Joe Hoover scores
|
Batting: LHB Ben Radach
|
0-0: Foul Ball, location: 2F 0-1: Ball 1-1: Foul Ball, location: 2F 1-2: Ball 2-2: Foul Ball, location: 2F 2-2: Foul Ball, location: 2F 2-2: Ball 3-2: Foul Ball, location: 2F 3-2: Base on Balls
|
Batting: LHB Mike Sammons
|
0-0: Foul Ball, location: 2F 0-1: Swinging Strike 0-2: Foul Ball, location: 2F 0-2: Ball 1-2: Ball 2-2: Ball Wild Pitch! Ben Radach to second 3-2: Base on Balls
|
Batting: RHB Jim Begger
|
0-0: Ball 1-0: Fielders Choice at 2nd, 5-4 (Groundball, 56, EV 103.8 MPH)
|
Bottom of the 6th over - 4 runs, 2 hits, 1 error, 2 left on base; Williamsport 2 - Salem-Keizer 9 |
TOP OF THE 7TH |
Williamsport Crosscutters batting - Pitching for Salem-Keizer Volcanoes : RHP Mitsuo Kuriyama
|
Batting: LHB Dennis French
|
0-0: Called Strike 0-1: Swinging Strike 0-2: Ball 1-2: Strikes out swinging
|
Batting: RHB Frank Ramirez
|
0-0: Called Strike 0-1: Ball 1-1: Foul Ball, location: 2F 1-2: Ball 2-2: Ball 3-2: Strikes out swinging
|
Pitching: RHP Devon Blakeney
|
|
Batting: LHB Bryant Dill
|
0-0: Foul Ball, location: 2F 0-1: Ball 1-1: Ball 2-1: SINGLE (Line Drive, 6M, EV 106.9 MPH)
|
Batting: RHB Steve Kirby
|
0-0: Called Strike Bryant Dill steals 2nd base (no throw) 0-1: Ball 1-1: Called Strike 1-2: Ball 2-2: Fly out, F7 (Flyball, 8LS, EV 85.6 MPH)
|
Top of the 7th over - 0 runs, 1 hit, 0 errors, 1 left on base; Williamsport 2 - Salem-Keizer 9 |
BOTTOM OF THE 7TH |
Salem-Keizer Volcanoes batting - Pitching for Williamsport Crosscutters : LHP Ray Paul
|
Pinch Hitting: RHB Dale Altman
|
0-0: Ball 1-0: Ground out 3-1 (Groundball, 34S, EV 84.4 MPH)
|
Pinch Hitting: RHB Larry Hardman
|
0-0: Ball 1-0: Foul Ball, location: 2F 1-1: Foul Ball, location: 2F 1-2: Fly out, F9 (Line Drive, 9LM, EV 88.1 MPH)
|
Pinch Hitting: LHB Omar Marquez
|
0-0: Ball 1-0: Ball 2-0: Hit by Pitch
|
Batting: LHB Joe Hoover
|
0-0: Ball Omar Marquez steals 2nd base 1-0: Swinging Strike 1-1: Called Strike 1-2: Ball 2-2: 2-RUN HOME RUN (Flyball, 9LD, EV 91.2 MPH), Distance : 344 ft
|
Batting: LHB Adrian Navarro
|
0-0: Ball 1-0: Foul Ball, location: 2F 1-1: Foul Ball, location: 2F 1-2: Ball 2-2: Strikes out looking
|
Bottom of the 7th over - 2 runs, 1 hit, 0 errors, 0 left on base; Williamsport 2 - Salem-Keizer 11 |
TOP OF THE 8TH |
Williamsport Crosscutters batting - Pitching for Salem-Keizer Volcanoes : RHP Devon Blakeney
|
Now at 2B: Larry Hardman
|
|
Now at 3B: Dale Altman
|
|
Now in LF: Omar Marquez
|
|
Batting: RHB Rafael Soto
|
0-0: Ball 1-0: Foul Ball, location: 2F 1-1: Foul Ball, location: 2F 1-2: Strikes out swinging, 2-3 out at first.
|
Batting: RHB Eddie Serna
|
0-0: Swinging Strike 0-1: Ball 1-1: Called Strike 1-2: Strikes out swinging
|
Batting: RHB Joel Gomez
|
0-0: Swinging Strike 0-1: Ball 1-1: Ball 2-1: DOUBLE (Flyball, 89XD, EV 90.6 MPH)
|
Batting: LHB Jean-Claude Vanbiesbrouck
|
0-0: Foul Ball, location: 2F 0-1: Foul Ball, location: 2F 0-2: Ball 1-2: Fly out, F2 (Popup, 25F, EV 90.0 MPH)
|
Top of the 8th over - 0 runs, 1 hit, 0 errors, 1 left on base; Williamsport 2 - Salem-Keizer 11 |
BOTTOM OF THE 8TH |
Salem-Keizer Volcanoes batting - Pitching for Williamsport Crosscutters : LHP Ray Paul
|
Pitching: LHP Dan Luckhardt
|
|
Batting: LHB Tom Reynolds
|
0-0: Called Strike 0-1: SINGLE (Groundball, 6D, EV 97.5 MPH)
|
Batting: LHB Ben Radach
|
0-0: Foul Ball, location: 2F 0-1: Ball 1-1: SINGLE (Line Drive, 78M, EV 101.2 MPH) Tom Reynolds to second
|
Batting: LHB Mike Sammons
|
0-0: Foul Ball, location: 2F 0-1: SINGLE (Groundball, 6MD, EV 106.9 MPH) Tom Reynolds to third Ben Radach to second
|
Batting: RHB Jim Begger
|
0-0: Ball 1-0: GRAND SLAM HOME RUN (Flyball, 78XD, EV 108.1 MPH), Distance : 437 ft
|
Pitching: RHP Allen Deschamps
|
|
Pinch Hitting: RHB Jeremy Bailey
|
0-0: DOUBLE (Flyball, 8RD, EV 103.1 MPH)
|
Pinch Hitting: RHB Tony Fernandez
|
0-0: Ball 1-0: Ball 2-0: Called Strike 2-1: Ground out 6-3 (Groundball, 56, EV 81.9 MPH)
|
Batting: LHB Omar Marquez
|
0-0: Called Strike 0-1: Called Strike 0-2: Ball 1-2: Ball 2-2: Ball 3-2: Ground out 4-3 (Groundball, 4, EV 103.1 MPH) Jeremy Bailey to third
|
Batting: LHB Joe Hoover
|
0-0: Called Strike 0-1: Foul Ball, location: 2F 0-2: Ground out 4-3 (Groundball, 4M, EV 81.2 MPH)
|
Bottom of the 8th over - 4 runs, 5 hits, 0 errors, 1 left on base; Williamsport 2 - Salem-Keizer 15 |
TOP OF THE 9TH |
Williamsport Crosscutters batting - Pitching for Salem-Keizer Volcanoes : RHP Devon Blakeney
|
Now at 2B: Lee Deason
|
|
Now at 3B: Tony Fernandez
|
|
Batting: LHB Jason Duda
|
0-0: Ball 1-0: Foul Ball, location: 2F 1-1: Ground out 5-3 (Groundball, 5, EV 86.2 MPH)
|
Batting: LHB Dennis French
|
0-0: Ball 1-0: Ground out 5-3 (Groundball, 56, EV 77.5 MPH)
|
Batting: RHB Frank Ramirez
|
0-0: Called Strike 0-1: Swinging Strike 0-2: Strikes out looking
|
Top of the 9th over - 0 runs, 0 hits, 0 errors, 0 left on base; Williamsport 2 - Salem-Keizer 15 |
|